 Dungeon Crawl Stone Soup version 0.29.1-15-g9cfb28693d (webtiles) character file.

Game seed: 11075312953470088883

144 chaostorm the Gusty (level 5, -1/28 HPs)
             Began as a Tengu Air Elementalist on Apr 14, 2023.
             Shot with an arrow by a centaur (2 damage)
             ... on level 3 of the Dungeon.
             The game lasted 00:21:32 (3480 turns).

chaostorm the Gusty (Tengu Air Elementalist)        Turns: 3480, Time: 00:21:33

Health: -1/28      AC:  3    Str:  9    XL:     5   Next: 27%
Magic:  9/10       EV: 15    Int: 17    God:
Gold:   101        SH:  0    Dex: 14    Spells: 9/10 levels left

rFire   . . .      SeeInvis .   a - +2 short sword (venom)
rCold   . . .      Faith    .   (no shield)
rNeg    . . .      Spirit   .   f - +0 robe
rPois   .          Reflect  .   (helmet restricted)
rElec   .          Harm     .   (no cloak)
rCorr   .          Rampage  .   p - +0 pair of gloves
Will    .....                   (boots unavailable)
Stlth   ++........              g - amulet of the acrobat
HPRegen 0.09/turn               (no ring)
MPRegen 0.12/turn               (no ring)

@: flying quickly and evasively, quick
A: beak, talons 3, nimble flight
a: no special abilities


You were on level 3 of the Dungeon.
You visited 1 branch of the dungeon, and saw 3 of its levels.

You collected 166 gold pieces.
You spent 65 gold pieces at shops.

Inventory:

Hand Weapons
 a - a +2 short sword of venom (weapon)
 b - a +2 dagger of holy wrath
Missiles
 o - a throwing net
Armour
 c - a +0 robe
 f - a +0 robe (worn)
 p - a +0 pair of gloves (worn)
Jewellery
 g - an amulet of the acrobat (around neck)
Scrolls
 d - 3 scrolls of identify
 e - a scroll of poison {unknown}
 k - 2 scrolls of teleportation {unknown}
 l - 2 scrolls of fear {unknown}
Potions
 h - 2 potions of heal wounds
 i - a potion of curing
 j - a potion of mutation {unknown}
 m - a potion of magic
 n - a potion of might {unknown}


   Skills:
 + Level 3.3 Dodging
 + Level 3.3 Stealth
 + Level 3.0 Spellcasting
 - Level 1.3 Conjurations
 + Level 5.1 Air Magic


You had 9 spell levels left.
You knew the following spells:

 Your Spells              Type           Power      Damage    Failure   Level
a - Shock                 Conj/Air       52%        1d6       4%          1

Your spell library contained the following spells:

 Spells                   Type           Power      Damage    Failure   Level
 Swiftness                Air            20%        N/A       6%          3
 Static Discharge         Conj/Air       13%        3-5/arc   7%          2
 Airstrike                Air            10%        2d(2-18)  22%         4
 Sublimation of Blood     Necr           2%         N/A       26%         2
 Petrify                  Tmut/Erth      2%         N/A       86%         4
 Irradiate                Conj/Tmut      2%         3d12      98%         5


Dungeon Overview and Level Annotations

Branches:
Dungeon (3/15) Zot: 14531

Altars:

Shops:
D:3 =*


Innate Abilities, Weirdness & Mutations

You have a beak for a mouth.
You have claws for feet.
Your magical nature lets you fly swiftly and evasively.


Message History

The goblin is severely wounded.
Aiming: Shock (safe; 4% risk of failure)
Press: ? - help, Q - select action Shift-Dir - straight line, f/p - goblin
Aim: a goblin, wielding a +0 club (severely wounded, 60% to hit)
The zap hits the goblin.
You kill the goblin!
Key pressed, stopping explore.
Magic restored.
You now have 166 gold pieces (gained 11).
Things that are here:
a +0 club; a goblin corpse
o - a throwing net
There is an entrance to Difo's General Store here.
d - 3 scrolls of identify (gained 1);
p - a +0 pair of gloves Thank you for shopping at Difo's General Store!
You start putting on your armour.
You continue putting on your +0 pair of gloves. x4
You finish putting on your +0 pair of gloves.
A centaur comes into view.
The centaur shouts!
The centaur wields a +1 shortbow of freezing.
It is covered in frost.
The centaur shoots an arrow.
The arrow closely misses you.
The centaur shoots an arrow.
The arrow misses you.
The centaur shoots an arrow.
The arrow completely misses you.
The centaur shoots an arrow.
The arrow closely misses you.
Aiming: Shock (safe; 4% risk of failure)
Press: ? - help, Q - select action, (/) - cycle Shift-Dir - straight line, f - centaur
Aim: a centaur, wielding a +1 shortbow of freezing (81% to hit)
The zap hits the centaur.
The centaur is lightly wounded.
The centaur shoots an arrow.
The arrow hits you! The arrow freezes you.
The centaur shoots an arrow.
The arrow hits you!
* * * LOW HITPOINT WARNING * * *
The arrow freezes you.
* * * LOW HITPOINT WARNING * * *
You feel better.
The centaur shoots an arrow.
The arrow hits you!
* * * LOW HITPOINT WARNING * * *
The arrow freezes you.
You die...

##...c....##....####.#....#
##.#####..##.#..@.........#
...# ###c......####.#...<#
#######......##.# #.#....#
........###..##.####.######
.###.#####..###.........#
## #....≈......##.......#
##..≈.≈.....###......#
#.≈...≈....# #......#
#≈..∩..≈...# #......#
#.≈...≈.#.## #......#
#..≈.≈....# #......#
#...≈.....# #......#
########### #......#
#......# ########


You could see a centaur.

Vanquished Creatures
  A hound (D:3)
  3 gnolls
  3 adders (D:2)
  2 dart slugs (D:1)
  4 orcs (D:3)
  2 bats
  2 endoplasms (D:1)
  3 giant cockroaches
  4 goblins
  7 hobgoblins
  5 kobolds
  4 quokkas
  3 ball pythons
  A frilled lizard (D:1)
  5 rats
49 creatures vanquished.

Notes
Turn   | Place    | Note
-------+----------+-------------------------------------------
     0 | D:1      | chaostorm the Tengu Air Elementalist began the quest for
                  | the Orb.
     0 | D:1      | Reached XP level 1. HP: 10/10 MP: 4/4
   285 | D:1      | Reached XP level 2. HP: 15/15 MP: 3/6
  1332 | D:1      | Reached XP level 3. HP: 19/19 MP: 5/7
  1722 | D:2      | Found a faded altar of an unknown god.
  1957 | D:2      | Reached XP level 4. HP: 24/24 MP: 4/8
  2158 | D:2      | Identified the +0 pair of boots of Negligence {rPois rF+
                  | Str-3 Stlth+}
  2844 | D:3      | Found Difo's General Store.
  2965 | D:3      | Reached skill level 5 in Air Magic
  3147 | D:3      | Found Fip Caal's Jewellery Shoppe.
  3182 | D:3      | Gained mutation: Your magical nature lets you fly swiftly
                  | and evasively. [Tengu growth]
  3182 | D:3      | Reached XP level 5. HP: 15/28 MP: 7/10
  3400 | D:3      | Bought a scroll of identify for 20 gold pieces
  3400 | D:3      | Bought a +0 pair of gloves for 45 gold pieces
  3455 | D:3      | Noticed a centaur
  3480 | D:3      | HP: 1/28 [centaur/arrow (11)]
  3480 | D:3      | Shot with an arrow by a centaur

Illustrated notes

Levels and vault maps discovered:
D:1:      roderic_octagonal_star, layout_basic, chequers_arboretum
D:2:      layout_loops_ring, ebering_ecumenical_altar_box
D:3:      layout_rooms, serial_shops, nicolae_diamond_shop, shop, shop,
          nicolae_shop_behind_doors

Skill      XL: |  1  2  3  4 |
---------------+-------------+-----
Dodging        | 3 |  3.3
Stealth        | 3 |  3.3
Air Magic      | 5 |  5.1
Spellcasting   | 3 |  3.0
Conjurations   | |  1.3

Action                   |  1- 3 |  4- 6 || total
-------------------------+-------+-------++-------
Melee: Spear             |     6 |     9 ||    15
       Short sword       |       |     5 ||     5
       Peck              |       |     4 ||     4
       Kick              |       |     2 ||     2
 Cast: Shock             |    64 |    43 ||   107
  Use: Potion            |       |     3 ||     3
 Stab: Sleeping          |     1 |     2 ||     3
Armor: Robe              |     3 |     1 ||     4
Dodge: Dodged            |    18 |    26 ||    44
